 Dungeon Crawl Stone Soup version 0.29-a0-234-g0dae59b3db (webtiles) character file.

Game seed: 5469977514613884415

1794 Hasart the Shooter (level 8, -3/67 HPs)
             Began as a Demigod Hunter on Feb 28, 2022.
             Shot with a sling bullet by Joseph (15 damage)
             ... on level 7 of the Dungeon on Mar 2, 2022.
             The game lasted 00:15:59 (6570 turns).

Hasart the Shooter (Demigod Hunter)                 Turns: 6570, Time: 00:16:00

Health: -3/67      AC:  6    Str: 13    XL:     8   Next: 53%
Magic:  10/10      EV: 16    Int: 13    God:
Gold:   314        SH:  0    Dex: 28    Spells: 7/7 levels left

rFire   . . .      SeeInvis .   a - +1 shortbow
rCold   + . .      Faith    .   (shield currently unavailable)
rNeg    . . .      Spirit   .   b - +0 leather armour
rPois   .          Reflect  .   l - +0 helmet
rElec   .          Harm     .   B - +0 cloak
rCorr   .          Rampage  .   A - +0 pair of gloves
Will    .....                   (no boots)
Stlth   +++.......              (no amulet)
HPRegen 0.21/turn               s - +6 ring of dexterity
MPRegen 0.12/turn               o - ring of protection from cold

@: no status effects
A: high MP 1, forlorn, divine attributes
a: no special abilities


You were on level 7 of the Dungeon.
You visited 1 branch of the dungeon, and saw 7 of its levels.

You collected 314 gold pieces.

Inventory:

Hand Weapons
 a - a +1 shortbow (weapon)
Armour
 b - a +0 leather armour (worn)
 l - a +0 helmet (worn)
 A - a +0 pair of gloves (worn)
 B - a +0 cloak (worn)
Jewellery
 f - a ring of positive energy
 o - a ring of protection from cold (right hand)
 s - a +6 ring of dexterity (left hand)
Wands
 w - a wand of flame (30)
Scrolls
 c - 2 scrolls of noise {unknown}
 g - 2 scrolls of enchant armour {unknown}
 k - 2 scrolls of vulnerability {unknown}
 m - a scroll of immolation {unknown}
 n - 3 scrolls of amnesia {unknown}
 p - 2 scrolls of enchant weapon {unknown}
 r - 4 scrolls of blinking {unknown}
 t - a scroll of fear {unknown}
 v - 4 scrolls of identify {unknown}
 x - a scroll of holy word {unknown}
 y - a scroll of silence {unknown}
Potions
 d - 3 potions of heal wounds {unknown}
 e - a potion of attraction {unknown}
 h - 3 potions of mutation {unknown}
 i - 3 potions of curing {unknown}
 j - a potion of degeneration {unknown}
 q - a potion of flight {unknown}
 u - 3 potions of might {unknown}
 z - a potion of invisibility {unknown}


   Skills:
 + Level 4.6 Fighting
 * Level 7.3 Bows
 + Level 4.7 Dodging
 + Level 4.8 Stealth
 + Level 2.9 Evocations


You had 7 spell levels left.
You didn't know any spells.
Your spell library contained the following spells:

 Spells                   Type           Power      Damage    Failure   Level
 Animate Skeleton         Necr           0%         N/A       36%         1
 Pain                     Necr           0%         1d4       36%         1
 Shock                    Conj/Air       0%         1d3       36%         1
 Stone Arrow              Conj/Erth      0%         3d7       75%         3
 Swiftness                Air            0%         N/A       75%         3
 Vampiric Draining        Necr           0%         2d6       75%         3
 Airstrike                Air            0%         N/A       98%         4
 Animate Armour           Summ/Erth      0%         N/A       98%         4
 Lehudib's Crystal Spear  Conj/Erth      0%         10d2      100%        8


Dungeon Overview and Level Annotations

Branches:
Dungeon (7/15)
 Temple: D:4-7

Annotations:
D:7 3 runed translucent doors, Joseph; anonymous's ghost, novice NaGl


Innate Abilities, Weirdness & Mutations

You have an increased reservoir of magic. (+10% MP)
You shall have no god before yourself.
Your divine heritage dramatically boosts your attributes as you level up.


Message History

The arrow hits Joseph but does no damage.
Joseph is moderately wounded.
Joseph shoots a sling bullet.
The sling bullet hits you! The sling bullet freezes you.
Unknown command.
You shoot an arrow.
The arrow hits Joseph but does no damage.
Joseph is moderately wounded.
Joseph shoots a sling bullet.
The sling bullet completely misses you.
Unknown command.
You shoot an arrow. The arrow hits Joseph!
Joseph is moderately wounded.
Joseph shoots a sling bullet.
The sling bullet hits you! The sling bullet freezes you.
Unknown command.
You shoot an arrow. The arrow hits Joseph.
Joseph is heavily wounded.
Unknown command.
You shoot an arrow.
The arrow hits Joseph but does no damage.
Joseph is heavily wounded.
Unknown command.
You shoot an arrow.
The arrow hits Joseph but does no damage.
Joseph is heavily wounded.
Joseph shoots a sling bullet.
The sling bullet hits you! The sling bullet freezes you.
Unknown command.
Aiming: Throw Flame
Press: ? - help, Shift-Dir - straight line, f/p - Joseph
Aim: Joseph, wielding a +5 hunting sling of freezing and wearing a +2 ring mail of willpower (heavily wounded, 75% to hit)
The puff of flame hits Joseph.
Joseph is heavily wounded.
Joseph shoots a sling bullet.
The sling bullet hits you!!
* * * LOW HITPOINT WARNING * * *
The sling bullet freezes you.
* * * LOW HITPOINT WARNING * * *
Unknown command.
Joseph shoots a sling bullet.
The sling bullet hits you!
You die...

#.. .. ..##.##
..... @.. #.#
#.# #.## #..##
########@..####
..............+
########...####
###..## ##(#.##
#....# ##.###
#+# #.# #.# #.#
#.#


You could see Joseph.

Vanquished Creatures
  Eustachio (D:5)
  Duvessa (D:6)
  2 sky beasts
  2 ice beasts
  An ogre (D:6)
  A phantom (D:7)
  A kobold brigand (D:5)
  3 scorpions
  A necrophage (D:5)
  Dowan (D:6)
  A jelly (D:4)
  3 orc priests (D:3)
  4 hounds
  Jessica (D:2)
  3 iguanas (D:6)
  2 orc wizards
  8 gnolls
  4 adders
  A shadow imp (D:5)
  A white imp (D:6)
  3 ufetubi
  2 worms
  2 dart slugs (D:1)
  25 orcs
  6 ball pythons
  9 endoplasms
  7 goblins
  13 hobgoblins
  2 jackals (D:1)
  8 quokkas
  5 bats
  6 frilled lizards
  12 kobolds
  3 rats
145 creatures vanquished.

Notes
Turn   | Place    | Note
-------+----------+-------------------------------------------
     0 | D:1      | Hasart the Demigod Hunter began the quest for the Orb.
     0 | D:1      | Reached XP level 1. HP: 17/17 MP: 3/3
    61 | D:1      | Reached skill level 1 in Stealth
   280 | D:1      | Reached XP level 2. HP: 18/24 MP: 4/4
   501 | D:1      | Reached skill level 4 in Bows
   752 | D:1      | Reached XP level 3. HP: 29/29 MP: 5/5
   944 | D:2      | Noticed Jessica
   953 | D:2      | Killed Jessica
  1312 | D:3      | Reached XP level 4. HP: 27/37 MP: 6/6
  1675 | D:3      | You fall into a shaft and drop 1 floor!
  1683 | D:4      | Upgraded the game from 0.29-a0-231-g945431f764 to
                  | 0.29-a0-233-g1125b37a9b
  1685 | D:4      | Reached XP level 5. HP: 42/42 MP: 7/7
  2063 | D:3      | Reached skill level 5 in Bows
  2891 | D:3      | Reached XP level 6. HP: 51/51 MP: 8/8
  3660 | D:5      | Entered Level 5 of the Dungeon
  4180 | D:5      | Reached XP level 7. HP: 40/57 MP: 9/9
  4547 | D:5      | Reached skill level 1 in Evocations
  4548 | D:5      | Noticed Eustachio
  4583 | D:5      | Killed Eustachio
  4584 | D:5      | Reached skill level 6 in Bows
  5406 | D:5      | Upgraded the game from 0.29-a0-233-g1125b37a9b to
                  | 0.29-a0-234-g0dae59b3db
  5426 | D:6      | Reached XP level 8. HP: 66/66 MP: 10/10
  5802 | D:6      | Noticed Dowan
  5803 | D:6      | Noticed Duvessa
  5806 | D:6      | Killed Dowan
  5807 | D:6      | Reached skill level 7 in Bows
  5824 | D:6      | Killed Duvessa
  6344 | D:7      | Found a runed translucent gate.
  6344 | D:7      | Found a runed translucent gate.
  6344 | D:7      | Found a runed translucent gate.
  6344 | D:7      | Noticed anonymous's ghost (novice NaGl)
  6557 | D:7      | Noticed Joseph
  6570 | D:7      | Shot with a sling bullet by Joseph

Illustrated notes

Levels and vault maps discovered:
D:1:      minmay_arrival_semitransparent, layout_basic, basic_ecumenical_altar,
          minmay_domino_2
D:2:      layout_rooms, dk_noncrumbling_4, uniq_jessica
D:3:      layout_loops_ring, mainiacjoe_overflow_alcove_2, minmay_joined_circles
D:4:      layout_loops_ring, trog_hazing_becter,
          minmay_overflow_temple_star_hex, lemuel_tele_altar
D:5:      layout_basic, grunt_ministairs_1, uniq_eustachio
D:6:      layout_cave_pools, yredelemnul_altar_generic,
          mainiacjoe_overflow_swirl, uniq_duvessa
D:7:      layout_loops_corners, minmay_temple_entry_waves,
          gammafunk_ghost_necromancy, nrook_mini_vaults,
          kennysheep_generic_room_15, uniq_menkaure, uniq_joseph

Skill      XL: |  1  2  3  4  5  6  7  8 |
---------------+-------------------------+-----
Stealth        | 1 2 3 4 |  4.8
Fighting       | 2 3 4 |  4.6
Dodging        | 2 3 4 |  4.7
Bows           | 4 5 6 7 |  7.3
Evocations     | 2 |  2.9

Action                   |  1- 3 |  4- 6 |  7- 9 || total
-------------------------+-------+-------+-------++-------
 Fire: Shortbow          |   102 |   208 |   183 ||   493
Throw: Throwing net      |       |       |     2 ||     2
Evoke: Wand              |       |     4 |     1 ||     5
Armor: Leather armour    |    14 |    30 |    37 ||    81
Dodge: Dodged            |    26 |    60 |   101 ||   187

Table legend: (Time is in decaauts)
 A = Elapsed time spent in this place.
 B = Non-inter-level travel time spent in this place.
 C = Inter-level travel time spent in this place.
 D = Time resting spent in this place.
 E = Time spent auto-exploring this place.
 F = Levels seen in this place.
 G = Mean time per level.
                   A        B        C        D        E       F      G
               +--------+--------+--------+--------+--------+-----+--------+
         Total |   6710 |   6525 |    185 |   1081 |   4285 |   7 |  958.6 |
       Dungeon |   6710 |   6525 |    185 |   1081 |   4285 |   7 |  958.6 |
               +--------+--------+--------+--------+--------+-----+--------+

Top non-repeatable levels by time:
     D:5: 1479 daAuts
     D:3: 1168 daAuts
     D:6: 1064 daAuts
     D:4: 1032 daAuts
     D:2: 864 daAuts
     D:1: 859 daAuts
     D:7: 242 daAuts
